 Dungeon Crawl Stone Soup version 0.27.0-1-g7a089689b8 (webtiles) character file.

Game seed: 12068244407409873025

1887 Naeght the Spear-Bearer (level 9, -2/69 HPs)
             Began as a Merfolk Gladiator on Aug 16, 2021.
             Slain by a killer bee (7 damage)
             ... on level 6 of the Dungeon.
             The game lasted 00:12:12 (6204 turns).

Naeght the Spear-Bearer (Merfolk Gladiator)         Turns: 6204, Time: 00:12:13

Health: -2/69      AC:  9    Str: 14    XL:     9   Next: 14%
Magic:  9/9        EV: 15    Int:  8    God:
Gold:   234        SH:  9    Dex: 18    Spells: 8/8 levels left

rFire    . . .     SeeInvis .   a - +0 trident
rCold    . . .     Faith    .   D - +0 buckler
rNeg     . . .     Spirit   .   w - +0 troll leather armour {Purgy}
rPois    .         Reflect  +   c - +0 helmet
rElec    .         Harm     .   B - +2 cloak {Will+}
rCorr    .         Rampage  .   o - +0 pair of gloves
Will     +....                  (no boots)
Stlth    +.........             n - amulet of reflection
HPRegen  1.21/turn              (no ring)
MPRegen  0.11/turn              (no ring)

@: brilliant
A: (nimble swimmer 2), mertail
a: no special abilities


You were on level 6 of the Dungeon.
You visited 1 branch of the dungeon, and saw 7 of its levels.
You also visited: Sewer.

You collected 234 gold pieces.

Inventory:

Hand Weapons
 a - a +0 trident (weapon)
Missiles
 d - 3 throwing nets
 k - 59 poisoned darts (quivered)
 v - 5 javelins
 z - 8 boomerangs of dispersal
Armour
 c - a +0 helmet (worn)
 o - a +0 pair of gloves (worn)
 w - a +0 troll leather armour (worn) {Purgy}
 B - a +2 cloak of willpower (worn)
 D - a +0 buckler (worn)
Jewellery
 n - an amulet of reflection (around neck)
 x - a ring of magical power
Scrolls
 e - 3 scrolls of blinking
 g - a scroll of amnesia {unknown}
 h - a scroll of identify
 j - a scroll of noise {unknown}
 m - a scroll of magic mapping {unknown}
 p - 3 scrolls of teleportation {unknown}
 t - a scroll of enchant weapon {unknown}
 y - a scroll of torment {unknown}
Potions
 b - a potion of might {unknown}
 f - a potion of degeneration {unknown}
 i - 2 potions of haste
 l - 2 potions of attraction
 q - a potion of heal wounds {unknown}
 r - a potion of berserk rage {unknown}
 s - a potion of brilliance
 u - a potion of mutation {unknown}
 A - a potion of flight {unknown}


   Skills:
 + Level 6.2 Fighting
 * Level 11.6 Polearms
 - Level 2.0 Throwing
 + Level 2.6 Armour
 + Level 8.2 Dodging


You had 8 spell levels left.
You didn't know any spells.
Your spell library contained the following spells:

 Spells                   Type           Power      Damage    Failure   Level
 Animate Skeleton         Necr           0%         N/A       65%         1
 Apportation              Tloc           0%         N/A       65%         1
 Beastly Appendage        Tmut           0%         N/A       65%         1
 Corona                   Hex            0%         N/A       65%         1
 Pain                     Necr           0%         1d4       65%         1
 Summon Small Mammal      Summ           0%         N/A       65%         1
 Passwall                 Tmut/Erth      0%         N/A       80%         2
 Vampiric Draining        Necr           0%         2d6       95%         3
 Hailstorm                Conj/Ice       0%         3d3       100%        4
 Ice Form                 Ice/Tmut       0%         N/A       100%        4
 Yara's Violent Unravell  Hex/Tmut       0%         3d3       100%        5
 Simulacrum               Ice/Necr       0%         N/A       100%        6


Dungeon Overview and Level Annotations

Branches:
Dungeon (7/15)              Sewer (visited)
 Temple: D:4-7

Altars:
Cheibriados
Gozag
Nemelex Xobeh
Ru
Uskayaw
Vehumet

Shops:
D:2 :   D:3 [[*[   D:6 [


Innate Abilities, Weirdness & Mutations

((You are quick and stealthy near water. (Stealth+, EV+, Speed+++)))
Your lower body shifts to a powerful aquatic tail in water.


Message History

The killer bee stings you but does no damage.
The killer bee completely misses you.
Okay, then.
You feel sick.
You feel sick. The killer bee closely misses you. The killer bee stings you.
You feel sick.
You feel sick. You block the killer bee's attack.
You see here an adder corpse.
You feel sick.
You are no longer poisoned.
The killer bee stings you but does no damage.
There is a stone staircase leading up here.
The killer bee misses you. x2; The killer bee closely misses you.
You block the killer bee's attack. The killer bee stings you.
You climb upwards.
The death knight offers itself to Yredelemnul, and fills with unholy energy.
There is a stone staircase leading down, spattered with blood here.
You block the killer bee's attack. The killer bee completely misses you.
You block the killer bee's attack. The killer bee closely misses you.
The killer bee stings you.
You are poisoned.
The killer bee poisons you! The killer bee closely misses you.
You feel very sick.
You feel sick. The killer bee stings you!
* * * LOW HITPOINT WARNING * * *
You feel sick.
The death knight hits you from afar with a +3 halberd!
* * * LOW HITPOINT WARNING * * *
You feel sick.
The death knight's dark mirror aura disappears.
You block the killer bee's attack.
You feel sick.
You feel sick.
You feel sick.
The killer bee stings you but does no damage.
You feel sick.
You are no longer poisoned.
The killer bee stings you but does no damage.
The killer bee stings you!
You die...

[.. #.##.....##.# #........####..
...##.##........###..............
......###........##..........#...
......####....#...##.........#...
....)###.#...###p..#.............
.............###...#..##.........
...#..........##......<#.........
####...#.#....##yy...............
#.#....###....#.@................
.......# #.............##........
#.∩.#...##....##.)(...........#..
#.......###..##..............##..
#.#.................##........#..
#................................
#..##...........#.#.##.........
.. .##...........#.......... ..
.................. .


You could see a death knight and 2 killer bees.

Vanquished Creatures
  Sigmund (D:6)
  2 water moccasins (D:7)
  Purgy (Sewer)
  A black bear (D:5)
  A necrophage (D:5)
  2 ogres (D:5)
  2 centaurs (D:5)
  A kobold brigand (D:6)
  A bullfrog (D:7)
  Blork the orc (D:6)
  2 scorpions
  3 water moccasin skeletons
  A bullfrog zombie (D:5)
  A centaur zombie (D:6)
  2 hounds (D:5)
  A jelly (D:4)
  Crazy Yiuf (D:5)
  2 orc wizards
  A howler monkey skeleton (D:4)
  9 adders
  3 ufetubi
  A worm (D:2)
  12 orcs
  13 ball pythons
  9 endoplasms
  8 giant cockroaches
  10 goblins
  6 hobgoblins
  12 kobolds
  7 quokkas
  A bat (D:1)
  3 frilled lizards
  9 rats
130 creatures vanquished.

Vanquished Creatures (others)
  5 fungi (D:5)
5 creatures vanquished.

Grand Total: 135 creatures vanquished

Notes
Turn   | Place    | Note
-------+----------+-------------------------------------------
     0 | D:1      | Naeght the Merfolk Gladiator began the quest for the Orb.
     0 | D:1      | Reached XP level 1. HP: 16/16 MP: 1/1
    80 | D:1      | Reached XP level 2. HP: 23/23 MP: 2/2
    84 | D:1      | Got the Disquisition on Shape Shifting
   214 | D:1      | Reached skill level 5 in Polearms
   753 | D:2      | Found Qythrom's Book Shop.
   763 | D:2      | Reached XP level 3. HP: 27/28 MP: 3/3
   901 | D:2      | Found a faded altar of an unknown god.
  1656 | D:3      | Reached XP level 4. HP: 28/34 MP: 4/4
  1910 | D:3      | Reached skill level 6 in Polearms
  2244 | D:3      | Found Nauttu's Armour Shoppe.
  2268 | D:3      | Found Baucicw's Antique Armour Shop.
  2272 | D:3      | Found Baxid's Assorted Antiques.
  2288 | D:3      | Found Adwy's Armour Boutique.
  2394 | D:3      | Reached skill level 5 in Dodging
  2405 | D:3      | Found a radiant altar of Vehumet.
  2405 | D:3      | Found a hide-covered altar of Uskayaw.
  2405 | D:3      | Found a sacrificial altar of Ru.
  2405 | D:3      | Found a sparkling altar of Nemelex Xobeh.
  2779 | D:4      | Reached XP level 5. HP: 41/41 MP: 5/5
  2943 | D:4      | Found a snail-covered altar of Cheibriados.
  3081 | D:4      | Reached skill level 7 in Polearms
  3215 | D:4      | Reached XP level 6. HP: 42/48 MP: 6/6
  3986 | D:5      | Entered Level 5 of the Dungeon
  3996 | D:5      | Reached skill level 8 in Polearms
  4104 | D:5      | Reached XP level 7. HP: 41/55 MP: 7/7
  4281 | D:5      | Found a glowing drain.
  4288 | Sewer    | Entered a sewer
  4403 | Sewer    | Noticed Purgy
  4419 | Sewer    | Killed Purgy
  4420 | Sewer    | Reached skill level 9 in Polearms
  4634 | D:5      | Found an opulent altar of Gozag.
  4947 | D:5      | Reached skill level 5 in Fighting
  4947 | D:5      | Reached skill level 1 in Armour
  4947 | D:5      | Reached XP level 8. HP: 45/62 MP: 8/8
  4974 | D:5      | Found a runed translucent door.
  4975 | D:5      | Noticed Crazy Yiuf
  5177 | D:5      | Reached skill level 10 in Polearms
  5495 | D:5      | Killed Crazy Yiuf
  5556 | D:6      | Noticed Blork the orc
  5905 | D:6      | Killed Blork the orc
  5969 | D:6      | Found Welygiz's Antique Armour Shoppe.
  5972 | D:6      | Noticed Sigmund
  5987 | D:6      | Noticed a death knight
  5989 | D:6      | Killed Sigmund
  5990 | D:6      | Reached skill level 11 in Polearms
  6019 | D:7      | Reached XP level 9. HP: 32/69 MP: 9/9
  6197 | D:6      | HP: 3/69 [death knight (14)]
  6202 | D:6      | HP: 3/69 [poisoned by a killer bee]
  6204 | D:6      | Slain by a killer bee

Illustrated notes

Levels and vault maps discovered:
D:1:      giann_bridges, layout_loops_ring
D:2:      layout_basic, hellmonk_ecumenical_altar_blasted, serial_shops, shop,
          minmay_close_crescents
D:3:      layout_basic, grunt_temple_overflow_cloverleaf, serial_shops,
          shop_fountains, shop_statue, shop_statue, nicolae_square_shop
D:4:      layout_cave_pods, mainiacjoe_overflow_cross_hatched
D:5:      layout_basic, lemuel_crystal_altar, serial_aquarium,
          aquarium_bridge_straight [aquarium_subvault_bridge,
          aquarium_subvault_wall, aquarium_subvault_bridge,
          aquarium_subvault_wall], aquarium_bridge_square
          [aquarium_subvault_bridge, aquarium_subvault_wall,
          aquarium_subvault_bridge, aquarium_subvault_wall], aquarium_window_1,
          aquarium_window_fake, aquarium_window_2, aquarium_view_2d,
          aquarium_balcony_5b, aquarium_pool_1, gup_sewer_entry_bubbles,
          minmay_misc_feat_tower, minmay_holes, minmay_misc_feat_tiny,
          uniq_crazy_yiuf_cottage
D:6:      layout_cave_pools, serial_shops, nicolae_shop_stone, uniq_menkaure,
          uniq_blork_the_orc, uniq_sigmund
D:7:      layout_rooms, mainiacjoe_overflow_paths, minmay_temple_entry_waves

Skill      XL: |  1  2  3  4  5  6  7  8 |
---------------+-------------------------+-----
Polearms       | 5 6 7 8 9 11 | 11.6
Fighting       | 3 4 5 6 |  6.2
Dodging        | 5 6 8 |  8.2
Armour         | 1 2 |  2.6
Throwing       | |  2.0

Action                   |  1- 3 |  4- 6 |  7- 9 || total
-------------------------+-------+-------+-------++-------
Melee: Trident           |   125 |   153 |   326 ||   604
       Tailslap          |       |       |     1 ||     1
Throw: Dart              |       |     2 |       ||     2
  Use: Scroll            |       |       |     3 ||     3
       Potion            |       |       |     2 ||     2
 Stab: Sleeping          |     3 |     1 |     4 ||     8
Armor: Leather armour    |    15 |    24 |    10 ||    49
       Troll leather arm |       |       |    92 ||    92
Dodge: Dodged            |    56 |    75 |   280 ||   411
Block: Other             |       |       |    82 ||    82
       Reflection        |       |       |     6 ||     6
       Buckler           |       |       |    13 ||    13
